 Dungeon Crawl Stone Soup version 0.30.0 (webtiles) character file.

Game seed: 17271270622537239500

10 Dani the Trooper (level 2, 18/24 HPs)
             Began as a Demonspawn Fighter on May 20, 2023.
             Quit the game on level 1 of the Dungeon.
             The game lasted 00:00:20 (143 turns).

Dani the Trooper (Demonspawn Fighter)                Turns: 143, Time: 00:00:20

Health: 18/24      AC:  7    Str: 16    XL:     2   Next: 10%
Magic:  2/2        EV:  8    Int:  9    God:
Gold:   18         SH:  4    Dex: 12    Spells: 1/1 levels left

rFire   . . .        a - +0 war axe
rCold   . . .        c - +0 buckler
rNeg    . . .        b - +0 scale mail
rPois   .            (no helmet)
rElec   .            (no cloak)
rCorr   .            (no gloves)
SInv    .            (no boots)
Will    .....        (no amulet) Stlth
                     (no ring)
HPRegen 0.24/turn    (no ring)
MPRegen 0.08/turn

%: no passive effects
@: no status effects
A: rugged brown scales 1
a: no special abilities


You were on level 1 of the Dungeon.
You visited 1 branch of the dungeon, and saw 1 of its levels.

You collected 18 gold pieces.

Inventory:

Hand Weapons
 a - a +0 war axe (weapon)
Armour
 b - a +0 scale mail (worn)
 c - a +0 buckler (worn)
Jewellery
 s - a ring of see invisible
   (You found it on level 1 of the Dungeon)
Scrolls
 e - a scroll of silence {unknown}
Potions
 d - a potion of might


   Skills:
 - Level 3.0 Fighting
 + Level 2.5 Axes
 - Level 2.6 Armour
 - Level 2.6 Shields


You had one spell level left.
You didn't know any spells.
Your spell library was empty.

Dungeon Overview and Level Annotations

Branches:
Dungeon (1/15)

Altars:


Innate Abilities, Weirdness & Mutations

You are partially covered in rugged brown scales. (AC +1, +3% HP)


Message History

A giant cockroach comes into view.
You hit the giant cockroach.
You kill the giant cockroach!
s - a ring of see invisible No target in view!
Key pressed, stopping explore.
No target in view!
e - a scroll labelled OHOZOI PUVUJ No target in view!
A goblin comes into view. It is wielding a +0 club.
The goblin shouts!
The goblin moves out of view.
No target in view!
A goblin is nearby!
A goblin is nearby!
You hit the goblin.
The goblin is heavily wounded.
The goblin barely misses you.
A goblin is nearby!
You closely miss the goblin.
The goblin is heavily wounded.
The goblin hits you with a +0 club. x2
A goblin is nearby!
You closely miss the goblin.
The goblin is heavily wounded.
The goblin hits you but does no damage.
A goblin is nearby!
A goblin is nearby!
You hit the goblin.
You kill the goblin!
Key pressed, stopping explore.
No target in view!
Key pressed, stopping explore.
No target in view!
HP restored.
You see here a +0 club.
Key pressed, stopping explore.
No target in view!
Key pressed, stopping explore.
No target in view!
You now have 18 gold pieces.
Key pressed, stopping explore.
Found a stone staircase leading down.
A jackal comes into view.
The jackal barks!
You hear an angry hiss.
You hear a bark! x2
A ball python comes into view.
There are monsters nearby!
There are monsters nearby!
There are monsters nearby!
A jackal comes into view. x2
There are monsters nearby!
You closely miss the jackal.
The jackal bites you but does no damage. x2
A goblin comes into view. It is wielding a +0 dagger.
There are monsters nearby!
You closely miss the jackal.
The goblin shouts!
The jackal bites you but does no damage.
The jackal barely misses you.
There are monsters nearby!
You barely miss the jackal. The jackal barely misses you. The jackal bites you.
You hit the jackal.
The jackal is moderately wounded.
The jackal barely misses you.
The jackal bites you but does no damage.
There are monsters nearby!
You closely miss the jackal.
The jackal is moderately wounded.
The jackal bites you but does no damage.
The jackal closely misses you.
You closely miss the jackal.
The jackal is moderately wounded.
You block the jackal's attack. x2
There are monsters nearby!
You slash the jackal!
You kill the jackal!
The ball python barely misses you. x2
A jackal comes into view.
There are monsters nearby!
The jackal barks!
You hit the ball python.
You kill the ball python!
You block the jackal's attack.
There are monsters nearby!
You slash the jackal!
You kill the jackal!
The jackal closely misses you.
You have reached level 2!
Your demonic ancestry asserts itself...
Rugged brown scales grow over part of your body.
There are monsters nearby!
You closely miss the jackal. The jackal barely misses you.
The jackal bites you but does no damage.
You hit the jackal but do no damage. The jackal bites you.
The jackal bites you but does no damage.
There are monsters nearby!
You hit the jackal.
You kill the jackal!
You block the jackal's attack.
Are you sure you want to abandon this character and quit the game? (Confirm with "yes".)

###########...
#.....@hg.....
#.#########...
#.# ##.# ..
#..# #.# #.##
##.## #.# #
...# #.# #.
#..# # #.#
#.### #..# ##


You could see a jackal and a goblin.

Vanquished Creatures
  A giant cockroach (D:1)
  2 goblins (D:1)
  3 jackals (D:1)
  A ball python (D:1)
  A kobold (D:1)
  A rat (D:1)
9 creatures vanquished.

Notes
Turn   | Place    | Note
-------+----------+-------------------------------------------
     0 | D:1      | Dani the Demonspawn Fighter began the quest for the Orb.
     0 | D:1      | Reached XP level 1. HP: 18/18 MP: 1/1
    25 | D:1      | Reached skill level 2 in Axes
   140 | D:1      | Gained mutation: You are partially covered in rugged brown
                  | scales. (AC +1, +3% HP) [demonic ancestry]
   140 | D:1      | Reached XP level 2. HP: 18/24 MP: 2/2
   143 | D:1      | Quit the game

Illustrated notes

Levels and vault maps discovered:
D:1:      minmay_arrival_arboretum_small, layout_loops_ring, minmay_ruptured

Skill      XL: |  1 |
---------------+----+-----
Axes           | 2 |  2.5
Fighting       | |  3.0
Armour         | |  2.6
Shields        | |  2.6

Action                     || total
---------------------------++-------
  Melee: War axe           ||    26
 Armour: Scale mail        ||    13
  Dodge: Dodged            ||    12
  Block: Buckler           ||     6

Levels and vault maps discovered:
D:1:      minmay_arrival_arboretum_small, layout_loops_ring, minmay_ruptured

Table legend: (Time is in decaauts)
 A = Elapsed time spent in this place.
 B = Non-inter-level travel time spent in this place.
 C = Inter-level travel time spent in this place.
 D = Time resting spent in this place.
 E = Time spent auto-exploring this place.
 F = Levels seen in this place.
 G = Mean time per level.
                   A        B        C        D        E       F      G
               +--------+--------+--------+--------+--------+-----+--------+
         Total |    153 |    153 |      0 |      0 |     99 |   1 |  153.0 |
       Dungeon |    153 |    153 |      0 |      0 |     99 |   1 |  153.0 |
               +--------+--------+--------+--------+--------+-----+--------+

Top non-repeatable levels by time:
     D:1: 153 daAuts

Table legend:
 A = Kills in this place as a percentage of kills in the entire game.
 B = Kills by you in this place as a percentage of kills by you in the entire game.
 C = Kills by friends in this place as a percentage of kills by friends in the entire game.
 D = Other kills in this place as a percentage of other kills in the entire game.
 E = Experience gained in this place as a percentage of experience gained in the entire game.
 F = Experience gained in this place divided by the number of levels of this place that you have seen.
                   A       B       C       D       E      F
               +-------+-------+-------+-------+-------+----------------------
         Total | 100.0 | 100.0 |   N/A |   N/A | 100.0 |  15.0
       Dungeon | 100.0 | 100.0 |   N/A |   N/A | 100.0 |  15.0
               +-------+-------+-------+-------+-------+----------------------
